 Dungeon Crawl Stone Soup version 0.26-a0-651-gb41185065b (webtiles) character file.

Game seed: 7487137974123730396

14142 gbos the Fighter (level 12, 0/105 HPs)
             Began as a Barachi Hunter on Oct 16, 2020.
             Was a High Priest of Okawaru.
             Succumbed to a black mamba's poison
             ... on level 1 of the Lair of Beasts.
             The game lasted 00:21:43 (18143 turns).

gbos the Fighter (Barachi Hunter)                  Turns: 18143, Time: 00:21:47

Health: 0/105      AC:  6    Str: 18    XL:     12   Next: 13%
Magic:  16/16      EV: 16    Int: 12    God:    Okawaru [*****.]
Gold:   750        SH:  5    Dex: 11    Spells: 11/11 levels left

rFire    + + .     SeeInvis .   a - +0 longbow (freeze)
rCold    + . .     Faith    .   (shield currently unavailable)
rNeg     . . .     Spirit   .   c - +0 leather armour
rPois    +         Reflect  +   r - +0 helmet
rElec    +         Harm     .   x - scarf {repulsion}
rCorr    +         Rampage  .   j - +1 pair of gloves
MR       .....                  (no boots)
Stlth    ++........             C - amulet of reflection
HPRegen  0.27/turn              (no ring)
MPRegen  0.15/turn              B - ring of protection from fire

@: lethally poisoned (0 -> -8), resistant, repel missiles, slow
A: +LOS, swims, hooves 1, repulsion field 1, clumsy 1, slowness 1, MP-powered
wands, strong legs 1
a: Hop, Heroism, Finesse, Renounce Religion


You were on level 1 of the Lair of Beasts.
You worshipped Okawaru.
Okawaru was extremely pleased with you.
You visited 2 branches of the dungeon, and saw 12 of its levels.

You collected 750 gold pieces.


Innate Abilities, Weirdness & Mutations

You can be seen from farther away. (+LOS)
You can swim through water.
You cover ground slowly.
You can hop short distances.
You have large cloven feet.
You are surrounded by a mild repulsion field. (EV +2)
You are clumsy. (Dex -2)
You expend magic power (3 MP) to strengthen your wands.


   Skills:
 - Level 13.2 Fighting
 - Level 4.0 Maces & Flails
 + Level 12.2 Bows
 - Level 6.0 Dodging
 - Level 5.0 Stealth
 + Level 5.9 Invocations


You had 11 spell levels left.
You didn't know any spells.
Your spell library contained the following spells:

 Spells                   Type           Power        Failure   Level
 Animate Skeleton         Necr           #.....       36%         1
 Apportation              Tloc           #.....       36%         1
 Corona                   Hex            #......      36%         1
 Shock                    Conj/Air       #...         36%         1
 Summon Small Mammal      Summ           #...         36%         1
 Slow                     Hex            #.......     52%         2
 Confusing Touch          Hex            #.......     75%         3
 Gell's Gravitas          Tloc           #.........   75%         3
 Inner Flame              Hex/Fire       #.......     75%         3
 Portal Projectile        Hex/Tloc       #.....       75%         3
 Cause Fear               Hex            #.........   98%         4
 Leda's Liquefaction      Hex/Erth       #.........   98%         4
 Petrify                  Tmut/Erth      #.......     98%         4
 Metabolic Englaciation   Hex/Ice        #.........   100%        5
 Yara's Violent Unravell  Hex/Tmut       #.........   100%        5

Inventory:

Hand Weapons
 a - a +0 longbow of freezing (weapon)
 b - the +9 whip "Eruqeo" {vorpal, rC+}

   It inflicts extra damage upon your enemies.
   It protects you from cold.
 s - a +2 shortbow
 E - a +0 short sword
Missiles
 d - 125 arrows (quivered)
 y - 6 throwing nets {=f}
 I - 5 curare-tipped darts {=f}
Armour
 c - a +0 leather armour (worn)
 j - a +1 pair of gloves (worn)
 p - a +0 cloak
 r - a +0 helmet (worn)
 x - a scarf of repulsion (worn)
Jewellery
 B - a ring of protection from fire (right hand)
 C - an amulet of reflection (around neck)
Wands
 q - a wand of random effects (19)
 w - a wand of digging (5)
 A - a wand of enslavement (12)
 G - a wand of polymorph (5)
 H - a wand of iceblast (11)
Scrolls
 g - a scroll of amnesia
 i - 4 scrolls of remove curse
 m - 2 scrolls of immolation {unknown}
 n - 5 scrolls of identify {@r1}
 o - a scroll of enchant weapon
 u - 2 scrolls of fog {unknown}
 v - 2 scrolls of blinking {unknown}
 z - 4 scrolls of enchant armour {unknown}
 D - a scroll of holy word {unknown}
Potions
 e - 4 potions of magic
 f - 2 potions of brilliance
 h - 4 potions of flight
 k - 3 potions of haste {@q3}
 F - a potion of invisibility

Dungeon Overview and Level Annotations

Branches:
Dungeon (11/15)            Temple (0/1) D:5            Lair (1/6) D:9
    Orc (0/2) D:10

Altars:
Fedhas
Gozag
Hepliaklqana
Kikubaaqudgha
Makhleb
Nemelex Xobeh
Okawaru
Qazlal
Ru
Sif Muna
Vehumet
Xom
Yredelemnul
Zin
The Shining One

Shops:
D:10 :

Annotations:
D:6 1 runed translucent door, Crazy Yiuf
D:7 Harold

♣♣♣ ..£ ♣ ). ♣♣♣
.. ♣♣.. .
♣♣♣♣... ♣.
♣.♣♣♣♣....♣♣ ♣(♣
♣.....♣♣♣♣ ♣)♣♣♣
♣♣♣♣...♣ ♣F.♣♣♣
♣♣...♣♣♣♣
♣♣♣..♣♣♣
♣.....)..
♣♣♣..♣♣♣..♣♣♣♣♣♣
♣♣♣....♣♣ ♣♣♣♣♣♣


There were no monsters in sight!


Message History

You kill the spriggan!
Okawaru accepts your kill.
* * * LOW HITPOINT WARNING * * *
You feel sick.
You feel protected.
* * * LOW HITPOINT WARNING * * *
You feel sick.
No target in view!
There is a lethal amount of poison in your body!
* * * LOW HITPOINT WARNING * * *
You feel sick.
Really quaff
t - 2 potions of mutation {!q}?
Really quaff the potion of mutation?
You feel extremely strange.
You feel a little pissed off.
You feel stupid.
Rugged brown scales grow over part of your body.
* * * LOW HITPOINT WARNING * * *
You feel sick.
Really quaff
t - a potion of mutation {!q}?
Really quaff the potion of mutation?
You feel extremely strange.
You feel a little more calm.
You feel clever.
Your rugged brown scales disappear.
Your feet thicken and deform.
You begin to radiate repulsive energy.
You feel clumsy.
You feel your magical essence link to the dungeon's wands.
You die...

Action                   |  1- 3 |  4- 6 |  7- 9 | 10-12 || total
-------------------------+-------+-------+-------+-------++-------
Melee: Short sword       |       |     2 |    54 |       ||    56
       Whip              |       |       |    22 |    84 ||   106
 Fire: Shortbow          |    72 |    60 |   433 |   523 ||  1088
       Longbow           |       |       |       |    91 ||    91
 Abil: Hop               |       |       |     2 |     4 ||     6
Evoke: Wand              |       |       |     1 |     1 ||     2
  Use: Scroll            |     3 |       |     9 |     3 ||    15
       Potion            |       |       |       |     8 ||     8
Armor: Leather armour    |     6 |     8 |    45 |    80 ||   139
Dodge: Dodged            |    12 |     9 |   177 |   273 ||   471
       Repelled          |       |       |     2 |     9 ||    11
Block: Other             |       |       |       |    58 ||    58
       Reflection        |       |       |       |     3 ||     3

Levels and vault maps discovered:
D:1:      lemuel_arrival_muddy, layout_basic, minmay_misc_feat_rows
D:2:      layout_basic, okawaru_gym_becter, uniq_sigmund
D:3:      layout_basic, uniq_grinder
D:4:      layout_loops_ring, gammafunk_temple_overflow_claw
D:5:      cheibrodos_iron_armory, layout_rooms, nicolae_overflow_crystal_walls,
          temple_green, uniq_menkaure, uniq_edmund
D:6:      layout_loops_ring, old_standard_altar, makhleb_blood_cavern_becter,
          uniq_eustachio, uniq_maggie, uniq_crazy_yiuf_cottage
D:7:      layout_basic, nicolae_gozag_seed_capital
D:8:      cheibrodos_helix_gallery, layout_cave_pools,
          palyth_temple_overflow_mages, lemuel_doored_altar, uniq_harold
D:9:      layout_loops_ring, minitemple, marbit_many_paths, dpeg_oklobed_lair
D:10:     wad_lake_hut, layout_loops_ring, serial_shops, shop,
          nemelex_diamond_rough_becter
D:11:     layout_roguey, nicolae_trove_entry_crystal
Lair:1:   kb_forest_paths, layout_regular_city, portal_ice_cave_rime,
          beast_lair_carwin_4

Notes
Turn   | Place    | Note
-------+----------+-------------------------------------------
     0 | D:1      | gbos the Barachi Hunter began the quest for the Orb.
     0 | D:1      | Reached XP level 1. HP: 17/17 MP: 1/1
    84 | D:1      | Reached skill level 1 in Stealth
   171 | D:1      | Reached XP level 2. HP: 23/23 MP: 2/2
   657 | D:2      | Noticed Sigmund
   715 | D:2      | Reached skill level 3 in Fighting
   715 | D:2      | Reached XP level 3. HP: 29/29 MP: 3/3
   914 | D:2      | Reached skill level 3 in Dodging
  1020 | D:2      | Reached XP level 4. HP: 33/35 MP: 4/4
  1078 | D:2      | Found an iron altar of Okawaru.
  1097 | D:2      | Became a worshipper of Warmaster Okawaru
  1580 | D:3      | Reached skill level 2 in Stealth
  1911 | D:3      | Noticed Grinder
  1935 | D:3      | Killed Grinder
  1935 | D:3      | Reached * piety under Okawaru
  1935 | D:3      | Reached skill level 4 in Fighting
  1935 | D:3      | Reached skill level 5 in Bows
  1935 | D:3      | Reached skill level 4 in Dodging
  1935 | D:3      | Reached skill level 3 in Stealth
  1935 | D:3      | Reached XP level 5. HP: 30/43 MP: 5/5
  1935 | D:3      | Reached XP level 6. HP: 34/49 MP: 6/6
  2014 | D:2      | Killed Sigmund
  2014 | D:2      | Reached XP level 7. HP: 53/55 MP: 7/7
  2623 | D:4      | Reached skill level 5 in Fighting
  3374 | D:4      | Found a blossoming altar of Fedhas.
  3374 | D:4      | Found a stormy altar of Qazlal.
  3375 | D:4      | Found a glowing silver altar of Zin.
  3484 | D:4      | Reached skill level 4 in Stealth
  3656 | D:5      | Entered Level 5 of the Dungeon
  3671 | D:5      | Noticed Edmund
  3706 | D:5      | Killed Edmund
  3706 | D:5      | Reached skill level 5 in Dodging
  3932 | D:5      | Reached ** piety under Okawaru
  3932 | D:5      | Reached skill level 6 in Bows
  3932 | D:5      | Reached XP level 8. HP: 33/64 MP: 8/8
  4348 | D:5      | Noticed Menkaure
  4353 | D:5      | HP: 18/64 [??? (16)]
  4364 | D:5      | HP: 19/64 [bullfrog zombie (2)]
  4452 | D:5      | Reached skill level 6 in Fighting
  5062 | D:6      | Reached skill level 6 in Dodging
  5062 | D:6      | Reached skill level 5 in Stealth
  5142 | D:6      | Found a runed translucent door.
  5143 | D:6      | Noticed Crazy Yiuf
  5198 | D:6      | Identified +0 steam dragon scales
  5198 | D:6      | Noticed Maggie
  5431 | D:5      | Found a hazy altar of Hepliaklqana.
  5578 | D:5      | Found a staircase to the Ecumenical Temple.
  5634 | D:5      | Killed Menkaure
  5975 | D:6      | Reached skill level 7 in Fighting
  5975 | D:6      | Reached skill level 7 in Bows
  6175 | D:6      | Killed Maggie
  6175 | D:6      | Reached *** piety under Okawaru
  6175 | D:6      | Received a gift from Okawaru
  6175 | D:6      | Reached XP level 9. HP: 41/74 MP: 9/9
  6380 | D:6      | Found a burning altar of Makhleb.
  6393 | D:6      | Reached skill level 8 in Fighting
  6624 | D:6      | Noticed Eustachio
  6974 | D:6      | Found a sparkling altar of Nemelex Xobeh.
  7042 | D:6      | Killed Eustachio
  7042 | D:6      | Reached skill level 8 in Bows
  7372 | D:7      | Identified a potion of resistance
  7436 | D:7      | Found an opulent altar of Gozag.
  7558 | D:7      | Reached skill level 9 in Fighting
  7825 | D:7      | Got a translucent whip
  7826 | D:7      | Identified the +9 whip "Eruqeo" {vorpal, rC+} (You found it
                  | on level 7 of the Dungeon)
  8614 | D:8      | Reached skill level 1 in Maces & Flails
  8665 | D:8      | Noticed Harold
  8672 | D:7      | Reached skill level 2 in Maces & Flails
  8889 | D:8      | Reached **** piety under Okawaru
  8895 | D:8      | Found a sacrificial altar of Ru.
  8925 | D:7      | Reached skill level 9 in Bows
  8925 | D:7      | Reached XP level 10. HP: 29/83 MP: 10/10
  9241 | D:8      | Reached skill level 3 in Maces & Flails
  9351 | D:8      | Reached skill level 10 in Fighting
  9440 | D:7      | HP: 24/83 [poisoned by Harold]
  9446 | D:7      | HP: 19/83 [poisoned by Harold]
  9451 | D:7      | HP: 16/83 [poisoned by Harold]
  9457 | D:7      | HP: 15/83 [poisoned by Harold]
  9463 | D:7      | HP: 14/83 [poisoned by Harold]
  9471 | D:7      | HP: 14/83 [poisoned by Harold]
  9833 | D:8      | HP: 18/83 [Harold/+1 mace of venom (16)]
  9837 | D:7      | HP: 7/83 [poisoned by Harold]
  9842 | D:7      | HP: 22/85 [poisoned by Harold]
  9847 | D:7      | HP: 17/85 [poisoned by Harold]
  9852 | D:7      | HP: 13/85 [poisoned by Harold]
  9857 | D:7      | HP: 11/85 [poisoned by Harold]
  9862 | D:7      | HP: 9/85 [poisoned by Harold]
  9868 | D:7      | HP: 9/85 [poisoned by Harold]
  9876 | D:7      | HP: 9/85 [poisoned by Harold]
 10250 | D:7      | HP: 24/85 [poisoned by Harold]
 10255 | D:7      | HP: 19/85 [poisoned by Harold]
 10261 | D:7      | HP: 17/85 [poisoned by Harold]
 10268 | D:7      | HP: 15/85 [poisoned by Harold]
 10275 | D:7      | HP: 15/85 [poisoned by Harold]
 10283 | D:7      | HP: 15/85 [poisoned by Harold]
 10988 | D:8      | Found an ancient bone altar of Kikubaaqudgha.
 10998 | D:8      | Received a gift from Okawaru
 11191 | D:8      | Found a radiant altar of Vehumet.
 11210 | D:8      | Identified Vehumet's Guide on Conjuration
 11222 | D:8      | Found a shimmering blue altar of Sif Muna.
 11381 | D:9      | Reached skill level 4 in Maces & Flails
 11530 | D:9      | Noticed a two-headed ogre
 11556 | D:9      | HP: 21/86 [two-headed ogre/cursed -2 great mace (26)]
 11556 | D:9      | HP: 3/86 [two-headed ogre/cursed -2 great mace (18)]
 11573 | D:9      | HP: 6/86 [shadow imp (2)]
 11970 | D:9      | Found a staircase to the Lair.
 12041 | D:9      | Killed a two-headed ogre
 12267 | D:9      | Reached skill level 11 in Fighting
 12267 | D:9      | Reached skill level 10 in Bows
 12300 | D:9      | Found a basalt altar of Yredelemnul.
 12303 | D:9      | Found a shimmering altar of Xom.
 12307 | D:9      | Found an opulent altar of Gozag.
 12779 | D:9      | HP: 23/88 [yak (13)]
 12792 | D:9      | Received a gift from Okawaru
 12794 | D:9      | HP: 20/88 [yak (10)]
 12799 | D:9      | HP: 12/88 [yak (9)]
 12800 | D:9      | Reached ***** piety under Okawaru
 13179 | D:9      | Found a glowing golden altar of the Shining One.
 13224 | D:10     | Entered Level 10 of the Dungeon
 13258 | D:10     | Found Foxkiep's Book Shoppe.
 13426 | D:10     | Reached XP level 11. HP: 84/95 MP: 11/11
 13452 | D:10     | Reached skill level 12 in Fighting
 13609 | D:10     | Reached skill level 11 in Bows
 13704 | D:10     | Found a staircase to the Orcish Mines.
 13800 | D:10     | Found a sparkling altar of Nemelex Xobeh.
 14697 | D:10     | HP: 23/96 [electric eel/bolt of electricity (9)]
 15265 | D:11     | Noticed a seven-headed hydra
 15317 | Lair:1   | Entered Level 1 of the Lair of Beasts
 15342 | D:9      | Reached skill level 1 in Invocations
 15979 | Lair:1   | Reached skill level 2 in Invocations
 16159 | Lair:1   | Reached skill level 13 in Fighting
 16440 | D:9      | HP: 25/98 [cane toad (19)]
 16442 | D:9      | Received a gift from Okawaru
 16442 | D:9      | Reached skill level 3 in Invocations
 16445 | D:9      | HP: 17/98 [poisoned by a cane toad]
 16450 | D:9      | HP: 24/98 [poisoned by a cane toad]
 16455 | D:9      | HP: 18/98 [poisoned by a cane toad]
 16460 | D:9      | HP: 13/98 [poisoned by a cane toad]
 16465 | D:9      | HP: 10/98 [poisoned by a cane toad]
 16470 | D:9      | HP: 9/98 [poisoned by a cane toad]
 16475 | D:9      | HP: 8/98 [poisoned by a cane toad]
 16482 | D:9      | HP: 8/98 [poisoned by a cane toad]
 16490 | D:9      | HP: 8/98 [poisoned by a cane toad]
 17086 | D:9      | HP: 28/98 [hippogriff (8)]
 17094 | D:9      | Reached skill level 4 in Invocations
 17361 | D:9      | HP: 29/98 [spriggan/+0 short sword (3)]
 17366 | D:9      | HP: 7/98 [spriggan/+0 short sword (11)]
 17373 | D:9      | HP: 9/98 [yak (10)]
 17379 | D:9      | HP: 6/98 [yak (4)]
 17960 | Lair:1   | Noticed a five-headed hydra
 17966 | Lair:1   | Killed a five-headed hydra
 17966 | Lair:1   | Reached skill level 5 in Invocations
 17966 | Lair:1   | Reached XP level 12. HP: 105/105 MP: 15/15
 18117 | Lair:1   | Reached skill level 12 in Bows
 18124 | Lair:1   | Noticed a six-headed hydra
 18129 | Lair:1   | Killed a six-headed hydra
 18129 | Lair:1   | Received a gift from Okawaru
 18136 | Lair:1   | HP: 20/105 [black mamba (15)]
 18137 | Lair:1   | HP: 7/105 [spriggan/+0 rapier (11)]
 18140 | Lair:1   | HP: 3/105 [poisoned by a black mamba]
 18141 | Lair:1   | HP: 1/105 [poisoned by a black mamba]
 18142 | Lair:1   | Gained mutation: You tend to lose your temper in combat.
                  | [potion of mutation]
 18142 | Lair:1   | Gained mutation: You are dopey. (Int -2) [potion of
                  | mutation]
 18142 | Lair:1   | Gained mutation: You are partially covered in rugged brown
                  | scales. (AC +1, +3% HP) [potion of mutation]
 18143 | Lair:1   | Lost mutation: You tend to lose your temper in combat.
                  | [potion of mutation]
 18143 | Lair:1   | Lost mutation: You are dopey. (Int -2) [potion of mutation]
 18143 | Lair:1   | Lost mutation: You are partially covered in rugged brown
                  | scales. (AC +1, +3% HP) [potion of mutation]
 18143 | Lair:1   | Gained mutation: You have large cloven feet. [potion of
                  | mutation]
 18143 | Lair:1   | Gained mutation: You are surrounded by a mild repulsion
                  | field. (EV +2) [potion of mutation]
 18143 | Lair:1   | Gained mutation: You are clumsy. (Dex -2) [potion of
                  | mutation]
 18143 | Lair:1   | Gained mutation: You expend magic power (3 MP) to
                  | strengthen your wands. [potion of mutation]
 18143 | Lair:1   | Succumbed to a black mamba's poison

Vanquished Creatures
  2 hydras (Lair:1)
  A two-headed ogre (D:9)
  A black mamba (Lair:1)
  A centaur zombie (D:10)
  3 cane toads
  Maggie (D:6)
  2 rime drakes (Lair:1)
  A komodo dragon (D:9)
  3 trolls
  Grinder (D:3)
  4 hippogriffs
  Sigmund (D:2)
  5 spriggans
  Eustachio (D:6)
  A basilisk (Lair:1)
  11 yaks
  Menkaure (D:5)
  Edmund (D:5)
  3 water moccasins
  An orc warrior (D:10)
  4 porcupines (Lair:1)
  2 sky beasts
  An ice beast (D:10)
  3 necrophages
  4 ogres
  A phantom (D:10)
  A black bear (D:6)
  4 centaurs
  3 crocodiles
  6 bullfrogs
  A wyvern zombie (D:10)
  A gnoll sergeant (D:9)
  3 scorpions
  3 killer bees (D:10)
  5 wights
  6 electric eels
  4 howler monkeys
  2 bullfrog zombies
  A quasit (D:9)
  2 hounds
  3 jellies
  6 orc priests
  2 centaur skeletons
  3 worker ants
  3 iguanas
  11 orc wizards
  2 hound zombies
  A hound skeleton (D:6)
  A howler monkey zombie (D:5)
  10 gnolls
  11 adders
  2 shadow imps
  2 white imps
  4 ufetubi
  An adder skeleton (D:4)
  3 dart slugs
  8 leopard geckos
  26 orcs
  4 bats
  3 giant cockroaches
  4 hobgoblins
  3 jackals (D:3)
  5 quokkas
  8 frilled lizards
  7 goblins
  A jackal skeleton (D:4)
  3 kobolds
  A leopard gecko skeleton (D:9)
  A quokka zombie (D:9)
  5 rats
246 creatures vanquished.

Vanquished Creatures (others)
  An orc wizard (D:8)
  2 fungi (D:9)
  13 plants
16 creatures vanquished.

Grand Total: 262 creatures vanquished
